[Event "Excelsior March op"]
[Site "Toronto CAN"]
[Date "2024.03.15"]
[Round "1.1"]
[White "Yang, Larry"]
[Black "Rodrigue-Lemieux, Shawn"]
[Result "0-1"]
[ECO "B12"]
[WhiteElo "2069"]
[BlackElo "2477"]
[PlyCount "66"]
[EventDate "2024.03.15"]
[EventType "swiss"]
[EventRounds "5"]
[EventCountry "CAN"]
[TimeControl "90+30"]

1. e4 c6 2. d4 d5 3. e5 Bf5 4. Bd3 Bxd3 5. Qxd3 e6 6. Ne2 c5 7. c3 Nd7 8. Nd2 Ne7 9. Nf3 Nc6 10. O-O Be7 11. Bd2 Qb6 12. Rab1 a5 13. Nf4 O-O 14. h4 Rfc8 15. g4 cxd4 16. cxd4 Nb4 17. Bxb4 axb4 18. g5 Rxa2 19. Nh5 Nf8 20. Kh1 Qa6 21. Qd2 Rc3 22. Nh2 Rd3 23. Qf4 Ng6 24. Qg4 Qc4 25. Rfc1 Qxd4 26. Rc8+ Bf8 27. Nf6+ gxf6 28. h5 Rxb2 29. Rxb2 Rd1+ 30. Kg2 Nf4+ 31. Qxf4 Qxf4 32. Rb3 Qe4+ 33. Rf3 fxg5 0-1

[Event "Excelsior March op"]
[Site "Toronto CAN"]
[Date "2024.03.16"]
[Round "2.1"]
[White "Rodrigue-Lemieux, Shawn"]
[Black "Ning, Eric"]
[Result "1-0"]
[ECO "A16"]
[WhiteElo "2477"]
[BlackElo "1957"]
[PlyCount "143"]
[EventDate "2024.03.15"]
[EventType "swiss"]
[EventRounds "5"]
[EventCountry "CAN"]
[TimeControl "90+30"]

1. c4 Nf6 2. g3 g6 3. Bg2 d5 4. cxd5 Nxd5 5. Nc3 Nb6 6. h4 h6 7. d4 Bg7 8. Nf3 Nc6 9. Be3 Bf5 10. O-O O-O 11. Qc1 Kh7 12. Rd1 Nb4 13. d5 Qe8 14. Nd4 Bd7 15. a3 Na6 16. Bf4 Rc8 17. e4 c6 18. Bf3 Nc7 19. dxc6 bxc6 20. e5 Ncd5 21. Nxd5 Nxd5 22. Bd2 Bxe5 23. Bxh6 Rh8 24. Bg2 Rb8 25. b4 Bg4 26. Rd3 Rc8 27. Ra2 Qd7 28. Rc2 Nf6 29. Qe3 Bf5 30. Nxf5 Qxf5 31. Bg5 Rhd8 32. Rcd2 Ng4 33. Qf3 Rxd3 34. Qxd3 Qxd3 35. Rxd3 Rc7 36. Bf3 Nh6 37. Be3 Nf5 38. Bc5 Kg7 39. Be4 Nd6 40. Bg2 Nc4 41. Bf1 Nb6 42. f4 Bb2 43. g4 Nd5 44. Rb3 Bc1 45. Bd4+ f6 46. f5 Kf7 47. fxg6+ Kxg6 48. Bd3+ Kh6 49. Kf2 Nf4 50. Ba6 Ng6 51. Rc3 Bb2 52. Be3+ Kg7 53. Rb3 Be5 54. h5 Nf4 55. Rb1 Bd6 56. Kf3 e5 57. Rc1 Kf7 58. Ke4 Bf8 59. Bc4+ Ke8 60. Kf5 Bh6 61. Rd1 Bg5 62. Rd6 Ke7 63. Bc5 Ke8 64. a4 Ng2 65. Ke4 Nf4 66. a5 Ng2 67. a6 Nf4 68. Bb3 Ne2 69. Bc2 Nc3+ 70. Kf5 Nd5 71. Ba4 Ne3+ 72. Kg6 1-0

[Event "Excelsior March op"]
[Site "Toronto CAN"]
[Date "2024.03.17"]
[Round "4.1"]
[White "Rodrigue-Lemieux, Shawn"]
[Black "Sambuev, Bator"]
[Result "1-0"]
[ECO "C47"]
[WhiteElo "2477"]
[BlackElo "2465"]
[PlyCount "127"]
[EventDate "2024.03.15"]
[EventType "swiss"]
[EventRounds "5"]
[EventCountry "CAN"]
[TimeControl "90+30"]

1. e4 e5 2. Nf3 Nc6 3. Nc3 Nf6 4. d4 exd4 5. Nxd4 Bb4 6. Nxc6 bxc6 7. Bd3 d5 8. exd5 O-O 9. O-O cxd5 10. h3 Rb8 11. Be3 c5 12. a3 Bxc3 13. bxc3 c4 14. Be2 Ne4 15. Bxa7 Nxc3 16. Qd2 Nxe2+ 17. Qxe2 Ra8 18. Bd4 Re8 19. Qf3 Qg5 20. a4 Bf5 21. c3 Qg6 22. a5 Re6 23. Kh2 h5 24. Qg3 Qxg3+ 25. Kxg3 Bd3 26. Rfd1 Rea6 27. Bb6 f6 28. Re1 Kf7 29. Kf4 d4 30. cxd4 c3 31. d5 Re8 32. d6 g5+ 33. Kf3 Bb5 34. Rxe8 Kxe8 35. Ke4 Kd7 36. Kd5 Bc6+ 37. Kc5 c2 38. f3 Ra8 39. Rc1 Re8 40. Rxc2 Re5+ 41. Kd4 Rd5+ 42. Ke3 Kxd6 43. a6 Rb5 44. a7 Bb7 45. Bd8 Rb3+ 46. Kf2 Ra3 47. Bxf6 Rxa7 48. Bxg5 Bd5 49. Kg3 Ra2 50. Rxa2 Bxa2 51. Kh4 Bc4 52. Kxh5 Bf1 53. g4 Bxh3 54. Bc1 Ke7 55. f4 Kf7 56. f5 Kg7 57. Bb2+ Kh7 58. Kh4 Bf1 59. g5 Be2 60. g6+ Kg8 61. f6 Bc4 62. Kg5 Bb3 63. Ba3 Bc4 64. Kf4 1-0

[Event "US Masters"]
[Site "Charlotte USA"]
[Date "2023.11.23"]
[Round "1.11"]
[White "Canty, James"]
[Black "Rodrigue-Lemieux, Shawn"]
[Result "1/2-1/2"]
[ECO "D00"]
[WhiteElo "2154"]
[BlackElo "2492"]
[PlyCount "61"]
[EventDate "2023.11.24"]
[EventType "swiss"]
[EventRounds "9"]
[EventCountry "USA"]
[Source "ChessMix"]
[SourceDate "2023.12.01"]
[TimeControl "5400+30"]

1. d4 Nf6 2. Nc3 d5 3. Bf4 a6 4. e3 e6 5. g4 c5 6. g5 Nfd7 7. Qf3 Nc6 8. Nge2 b5 9. h4 Bb7 10. h5 b4 11. Na4 Qa5 12. b3 Be7 13. Qg3 O-O-O 14. Bh3 Rde8 15. O-O Bd8 16. c3 f6 17. cxb4 cxb4 18. Rac1 fxg5 19. Bd6 Bc7 20. Nc5 Bxd6 21. Qxd6 Qc7 22. Qxc7+ Kxc7 23. Nxe6+ Kb6 24. Nxg5 Nf6 25. Nf4 Re7 26. Bg2 Na7 27. Bf3 Nb5 28. Rc5 Rd8 29. Rfc1 a5 30. Nge6 Rd6 31. Ng5 1/2-1/2

[Event "US Masters"]
[Site "Charlotte USA"]
[Date "2023.11.25"]
[Round "5.5"]
[White "Zhou, Jianchao"]
[Black "Rodrigue-Lemieux, Shawn"]
[Result "1-0"]
[ECO "E06"]
[WhiteElo "2557"]
[BlackElo "2492"]
[PlyCount "87"]
[EventDate "2023.11.24"]
[EventType "swiss"]
[EventRounds "9"]
[EventCountry "USA"]
[Source "ChessMix"]
[SourceDate "2023.12.01"]
[TimeControl "5400+30"]

1. c4 Nf6 2. Nf3 e6 3. g3 d5 4. Bg2 Be7 5. d4 O-O 6. Qc2 c5 7. dxc5 d4 8. b4 a5 9. b5 Bxc5 10. Nbd2 Nbd7 11. a4 e5 12. O-O Ra7 13. Nb3 Re8 14. Nxc5 Nxc5 15. Ba3 b6 16. Bxc5 bxc5 17. Nd2 Be6 18. Rfe1 Nd7 19. Bc6 Qe7 20. e3 Rc8 21. exd4 exd4 22. Bd5 Nf8 23. Nf3 Qf6 24. Bxe6 Nxe6 25. Qd3 g6 26. Re5 Re7 27. h4 Nf8 28. Rxe7 Qxe7 29. Re1 Qd6 30. Qd2 Nd7 31. Qxa5 Nb6 32. Qa6 Ra8 33. Qb7 Rb8 34. Qe7 Qxe7 35. Rxe7 Ra8 36. Rc7 Nxa4 37. Ne5 f6 38. Nd7 Rd8 39. Nxf6+ Kf8 40. Nxh7+ Ke8 41. Nf6+ Kf8 42. Rd7 Rc8 43. Rh7 d3 44. Kf1 1-0

[Event "Francophonie-ch"]
[Site "Yamoussoukro CIV"]
[Date "2023.07.11"]
[Round "8.1"]
[White "Travadon, Loic"]
[Black "Rodrigue-Lemieux, Shawn"]
[Result "1/2-1/2"]
[ECO "C68"]
[WhiteElo "2463"]
[BlackElo "2495"]
[PlyCount "25"]
[EventDate "2023.07.02"]
[EventType "swiss"]
[EventRounds "9"]
[EventCountry "IVO"]
[Source "ChessMix"]
[SourceDate "2023.07.20"]
[TimeControl "5400+30"]

1. e4 e5 2. Nf3 Nc6 3. Bb5 a6 4. Bxc6 dxc6 5. O-O Bg4 6. h3 h5 7. c3 Qd3 8. hxg4 hxg4 9. Nxe5 Bd6 10. Nxd3 Bh2+ 11. Kh1 Be5+ 12. Kg1 Bh2+ 13. Kh1 1/2-1/2

[Event "Carnaval"]
[Site "Quebec CAN"]
[Date "2020.02.16"]
[Round "4"]
[White "Rodrigue-Lemieux, Shawn"]
[Black "Hirschberg, Valerian"]
[Result "1-0"]
[ECO "B31"]
[WhiteElo "2401"]
[BlackElo "2284"]
[Annotator "Boutin,Jean-Roger"]
[PlyCount "109"]
[EventDate "2020.02.14"]
[EventType "swiss"]
[EventRounds "5"]
[EventCountry "CAN"]
[TimeControl "240+2"]

1. e4 c5 2. Nf3 Nc6 3. Bb5 g6 4. Bxc6 bxc6 5. O-O Bg7 6. Re1 Nh6 7. c3 O-O 8.
d4 cxd4 9. cxd4 d5 10. e5 f6 11. h3 Qb6 12. e6 Nf5 13. Nc3 Nd6 14. Na4 Qb5 15.
Nc5 a5 16. a4 Qb6 17. Ra3 Nb7 18. Qc2 Nxc5 19. dxc5 Qd8 20. Nd4 f5 21. Qd1 f4
22. Rb3 Qc7 23. h4 Ba6 24. Rb6 Bb7 25. Qd3 Ra6 26. Bd2 Rxb6 27. Bxa5 Ba6 28.
Qd1 f3 29. cxb6 Qf4 30. Nxf3 d4 31. Bb4 Bf6 32. Bd2 Qd6 33. a5 c5 34. Bh6 Ra8
35. Bg5 Bg7 36. Qa4 h6 37. Bd2 Rd8 38. b4 Bb7 39. bxc5 Qxc5 40. Qb4 Qxb4 41.
Bxb4 Kf8 42. Nd2 Rc8 43. Ne4 d3 44. Nc5 Bc3 45. Bxc3 Rxc5 46. Bd2 Kg7 47. f3
Rc2 48. Rd1 Ba6 49. Kf2 Kf6 50. Ke3 Rc6 51. Rb1 Rxe6+ 52. Kd4 Rd6+ 53. Kc5 Bb7
54. a6 Bxa6 55. b7 1-0

[Event "Quebec op"]
[Site "Ste-Foy CAN"]
[Date "2017.08.19"]
[Round "9"]
[White "Rodrigue-Lemieux, Shawn"]
[Black "Van Hoolandt, Patrick"]
[Result "1-0"]
[ECO "C54"]
[WhiteElo "2066"]
[BlackElo "2110"]
[PlyCount "107"]
[EventDate "2017.08.12"]
[EventType "swiss"]
[EventRounds "9"]
[EventCountry "CAN"]
[TimeControl "600+2"]

1. e4 e5 2. Nf3 Nc6 3. Bc4 Bc5 4. c3 Nf6 5. d3 a6 6. O-O d6 7. b4 Ba7 8. Nbd2
O-O 9. h3 Ne7 10. Re1 Ng6 11. Nf1 b5 12. Bb3 c5 13. Ng3 h6 14. a3 a5 15. d4
axb4 16. axb4 Bb7 17. Bb2 c4 18. Bc2 Qb6 19. Nf5 Rfe8 20. Ra5 Rad8 21. Qa1 Bb8
22. d5 Bc8 23. Ng3 Nf4 24. Bc1 g5 25. Be3 Qb7 26. Qc1 Re7 27. h4 Nh7 28. hxg5
hxg5 29. Nxg5 Nxg5 30. Bxf4 Nh7 31. Bg5 f6 32. Bh4 Bc7 33. Ra2 Bb6 34. Qh6 Rf8
35. Bd1 Rg7 36. Bh5 Bd7 37. Bg6 Be8 38. Bxe8 Rxe8 39. Nh5 Qf7 40. Qxg7+ Qxg7
41. Nxg7 Kxg7 42. Ra6 Rb8 43. Rea1 Rb7 44. Ra8 Kg6 45. R1a6 Kh5 46. g3 Kg6 47.
Rc8 f5 48. Rc6 Bc7 49. Rxc7 Rxc7 50. Rxd6+ Kf7 51. exf5 Ra7 52. Rb6 Ra3 53.
Rb7+ Kg8 54. d6 1-0